 Dungeon Crawl Stone Soup version 0.31.0-32-g396128a36d (webtiles) character file.

Game seed: 16249652781018396769

33 tizbic2 the Apothecary (level 3, -4/25 HPs)
             Began as a Gnoll Alchemist on Mar 27, 2024.
             Killed by nerve-wracking pain
             ... invoked by Jessica
              (13 damage)
             ... on level 2 of the Dungeon.
             The game lasted 00:03:58 (653 turns).

tizbic2 the Apothecary (Gnoll Alchemist)             Turns: 653, Time: 00:03:58

Health: -4/25      AC:  5    Str:  9    XL:     3   Next: 29%
Magic:  3/9        EV: 11    Int: 20    God:
Gold:   38         SH:  0    Dex: 12    Spells: 9/12 levels left

rFire   . . .        d - +0 short sword
rCold   . . .        (no shield)
rNeg    . . .        j - +0 ring mail
rPois   .            (no helmet)
rElec   .            (no cloak)
rCorr   .            (no gloves)
SInv    .            (no boots)
Will    .....        (no amulet)
Stlth   ++           a - +6 ring of intelligence
HPRegen 0.24/turn    (no ring)
MPRegen 0.11/turn

%: no passive effects
@: very slightly contaminated
A: fangs 1, strong nose, distributed training
a: no special abilities


You were on level 2 of the Dungeon.
You visited 1 branch of the dungeon, and saw 2 of its levels.

You collected 38 gold pieces.

Inventory:

Hand Weapons
 c - a +0 club
 d - a +0 short sword (weapon)
Armour
 f - a +0 robe
 j - a +0 ring mail (worn)
Jewellery
 a - a +6 ring of intelligence (left hand)
Scrolls
 e - a scroll of noise {unknown}
 h - a scroll of identify {unknown}
 i - a scroll of fear {unknown}
Potions
 b - 2 potions of magic
 g - a potion of enlightenment {unknown}


   Skills:
 + Level 0.8 Fighting
 + Level 0.8 Short Blades
 + Level 0.8 Long Blades
 + Level 0.8 Axes
 + Level 0.8 Maces & Flails
 + Level 0.8 Polearms
 + Level 0.8 Staves
 + Level 0.8 Ranged Weapons
 + Level 0.8 Throwing
 + Level 0.8 Armour
 + Level 4.5 Dodging
 + Level 4.1 Stealth
 + Level 0.8 Shields
 + Level 0.8 Unarmed Combat
 + Level 5.0 Spellcasting
 + Level 2.1 Conjurations
 + Level 0.5 Hexes
 + Level 0.5 Summonings
 + Level 0.5 Necromancy
 + Level 0.5 Translocations
 + Level 0.5 Fire Magic
 + Level 0.5 Ice Magic
 + Level 0.5 Air Magic
 + Level 0.5 Earth Magic
 + Level 5.4 Alchemy
 + Level 1.0 Invocations
 + Level 0.8 Evocations
 + Level 0.7 Shapeshifting


You had 9 spell levels left.
You knew the following spells:

 Your Spells              Type           Power      Damage    Failure   Level
a - Sting                 Conj/Alch      80%        1d8       7%          1
b - Mercury Vapours       Alch/Air       34%        N/A       14%         2

Your spell library contained the following spells:

 Spells                   Type           Power      Damage    Failure   Level
 Mephitic Cloud           Conj/Alch/Air  15%        N/A       32%         3
 Olgreb's Toxic Radiance  Alch           26%        N/A       34%         4
 Hailstorm                Conj/Ice       10%        3d6       50%         3
 Summon Ice Beast         Ice/Summ       7%         N/A       58%         3
 Sticky Flame             Fire/Alch      17%        2d5       67%         4
 Sculpt Simulacrum        Ice/Alch       8%         N/A       100%        6


Dungeon Overview and Level Annotations

Branches:
Dungeon (2/15)

Altars:

Annotations:
D:2 Jessica


Innate Abilities, Weirdness & Mutations

You have very sharp teeth.
Your uncanny sense of smell can sniff out nearby items.
Your experience applies equally to all skills.


Message History

The jackal bites you but does no damage.
The jackal bites you.
You hit the jackal.
The jackal is severely wounded.
The jackal closely misses you.
You hit the jackal but do no damage. Your bite misses the jackal.
The jackal is severely wounded.
The jackal bites you.
Jessica the Apprentice Sorceress comes into view.
She is wielding a +2 spectral club.
You hit the jackal.
You kill the jackal!
Jessica gestures wildly.
Your Invocations skill increases to level 1!
Casting: Mercury Vapours (safe; 14% risk of failure)
Confirm with . or Enter, or press ? or * to list all spells.
You can't see any susceptible monsters within range! (Use Z to cast anyway.)
Casting: Mercury Vapours (safe; 14% risk of failure)
Confirm with . or Enter, or press ? or * to list all spells.
Aiming: Mercury Vapours (safe; 14% risk of failure)
Press: ? - help, Dir - move target, f - Jessica
Aim: Jessica, wielding a +2 spectral club and wearing a +0 robe (chance to weaken: 100%)
You miscast Mercury Vapours.
You are very lightly contaminated with residual magic.
Nothing appears to happen.
Jessica casts a spell at you. Pain shoots through your body!
Ouch! That really hurt!
Press: ? - help, v - describe, . - travel
Here: Jessica, wielding a +2 spectral club and wearing a +0 robe The floor.
Casting: Mercury Vapours (safe; 14% risk of failure)
Confirm with . or Enter, or press ? or * to list all spells.
Aiming: Sting (safe; 7% risk of failure)
Press: ? - help, Shift-Dir - straight line, f/p - Jessica
Aim: Jessica, wielding a +2 spectral club and wearing a +0 robe (76% to hit)
The sting misses Jessica.
Jessica points at you and mumbles some strange words.
Pain shoots through your body!
Ouch! That really hurt!
You die...

.. .### ..# #.#
############†##
#............<#
#.............#
#.....†.......#
#..@.@........#
........†.......#
###...........#.#
#############.#
#.# .# .#


You could see Jessica.

Vanquished Creatures
  An adder (D:2)
  A dart slug (D:1)
  2 bats (D:1)
  2 endoplasms (D:1)
  A giant cockroach (D:1)
  3 hobgoblins
  3 jackals (D:2)
  A ball python (D:1)
  3 frilled lizards (D:1)
  3 goblins (D:1)
  A kobold (D:1)
21 creatures vanquished.

Notes
Turn   | Place    | Note
-------+----------+-------------------------------------------
     0 | D:1      | tizbic2 the Gnoll Alchemist began the quest for the Orb.
     0 | D:1      | Reached XP level 1. HP: 13/13 MP: 6/6
   157 | D:1      | Reached XP level 2. HP: 18/19 MP: 4/7
   311 | D:1      | Learned a level 2 spell: Mercury Vapours
   621 | D:2      | Reached skill level 5 in Spellcasting
   621 | D:2      | Reached XP level 3. HP: 21/25 MP: 7/9
   648 | D:2      | Noticed Jessica
   650 | D:2      | Reached skill level 1 in Invocations
   653 | D:2      | Killed from afar by Jessica

Illustrated notes

Levels and vault maps discovered:
D:1:      dpeg_arrival_concentric_ovals, layout_basic, item_on_display_a
D:2:      layout_basic, basic_altar, nicolae_the_louvre, uniq_jessica

Skill      XL: |  1  2  3 |
---------------+----------+-----
Conjurations   | 2 |  2.1
Spellcasting   | 5 |  5.0
Invocations    | 1 |  1.0
Fighting       | |  0.8
Short Blades   | |  0.8
Long Blades    | |  0.8
Axes           | |  0.8
Maces & Flails | |  0.8
Polearms       | |  0.8
Staves         | |  0.8
Ranged Weapons | |  0.8
Throwing       | |  0.8
Armour         | |  0.8
Dodging        | |  4.5
Stealth        | |  4.1
Shields        | |  0.8
Unarmed Combat | |  0.8
Hexes          | |  0.5
Summonings     | |  0.5
Necromancy     | |  0.5
Translocations | |  0.5
Fire Magic     | |  0.5
Ice Magic      | |  0.5
Air Magic      | |  0.5
Earth Magic    | |  0.5
Alchemy        | |  5.4
Evocations     | |  0.8
Shapeshifting  | |  0.7

Action                     || total
---------------------------++-------
  Melee: Short sword       ||    53
         Unarmed           ||     1
         Bite              ||     1
   Cast: Sting             ||    16
         Mercury Vapours   ||     5
   Stab: Sleeping          ||     3
 Armour: Robe              ||    19
         Ring mail         ||    14
  Dodge: Dodged            ||    45
